 Dungeon Crawl Stone Soup version 0.31-a0-229-g1fc7ce9 (webtiles) character file.

Game seed: 10242423055148755892

11580 Dawnplanks the Stormcaller (level 11, -2/57 HPs)
             Began as a Tengu Air Elementalist on July 6, 2023.
             Was an Elder of Vehumet.
             Succumbed to an orange demon's poison
             ... on level 1 of the Lair of Beasts.
             The game lasted 00:26:30 (13250 turns).

Dawnplanks the Stormcaller (TeAE)                  Turns: 13250, Time: 00:26:30

Health: -2/57      AC:  8    Str:  8    XL:     11   Next: 80%
Magic:  23/27      EV: 16    Int: 25    God:    Vehumet [****..]
Gold:   757        SH:  0    Dex: 16    Spells: 9/32 levels left

rFire   . . .        H - staff of air
rCold   + + .        (no shield)
rNeg    . . .        G - +2 robe {rC+}
rPois   .            f - +2 hat
rElec   +            n - +0 cloak
rCorr   .            P - +0 pair of gloves
SInv    .            (boots unavailable)
Will    .....        (no amulet)
Stlth   ++           q - ring of protection from cold
HPRegen 0.29/turn    M - +6 ring of intelligence
MPRegen 0.20/turn

%: no passive effects
@: lethally poisoned (-2 -> -15), attractive, flying quickly and evasively,
quick
A: beak, talons 3, nimble flight
a: Renounce Religion


You were on level 1 of the Lair of Beasts.
You worshipped Vehumet.
Vehumet was greatly pleased with you.
You visited 2 branches of the dungeon, and saw 11 of its levels.
You also visited: Bailey.

You collected 790 gold pieces.
You spent 33 gold pieces at shops.

Inventory:

Hand Weapons
 N - a +3 hand axe of freezing
Missiles
 J - 2 throwing nets
Armour
 f - a +2 hat (worn)
 n - a +0 cloak (worn)
 y - a +3 leather armour of poison resistance
 G - a +2 robe of cold resistance (worn)
 P - a +0 pair of gloves (worn)
Magical Staves
 B - a staff of cold
 H - a staff of air (weapon)
Jewellery
 q - a ring of protection from cold (left hand)
 L - an amulet of faith
 M - a +6 ring of intelligence (right hand)
Wands
 k - a wand of polymorph (6)
 u - a wand of mindburst (18)
 K - a wand of flame (53)
 O - a wand of charming (5)
 R - a wand of roots (7)
Scrolls
 c - 2 scrolls of silence {unknown}
 g - 3 scrolls of poison {unknown}
 i - 2 scrolls of noise
 j - 2 scrolls of enchant weapon
 l - a scroll of revelation
 m - a scroll of torment
 o - a scroll of enchant armour
 r - a scroll of butterflies
 t - 3 scrolls of blinking
 A - 2 scrolls of immolation
 C - 4 scrolls of fog {unknown}
 D - 4 scrolls of fear
 F - a scroll of teleportation
Potions
 a - a potion of lignification {unknown}
 b - 2 potions of magic
 d - 2 potions of haste
 e - 2 potions of berserk rage
 h - 2 potions of might {unknown}
 p - 3 potions of heal wounds {unknown}
 s - a potion of brilliance
 v - 3 potions of mutation {unknown}
 w - 2 potions of attraction
 x - 2 potions of resistance {unknown}
 z - a potion of curing {unknown}
 E - 5 potions of enlightenment
 I - a potion of invisibility {unknown}
 Q - a potion of ambrosia {unknown}


   Skills:
 + Level 2.2 Fighting
 + Level 1.6 Short Blades
 + Level 4.0 Dodging
 - Level 2.0 Stealth
 + Level 11.0 Spellcasting
 + Level 8.7 Conjurations
 + Level 0.5 Ice Magic
 + Level 15.4 Air Magic
 - Level 1.1 Evocations


You had 9 spell levels left.
You knew the following spells:

 Your Spells              Type           Power      Damage    Failure   Level
a - Shock                 Conj/Air       100%       1d9       1%          1
b - Static Discharge      Conj/Air       100%       2-7/arc   1%          2
c - Swiftness             Air            94%        N/A       1%          3
d - Airstrike             Air            47%        2d(7-23)  1%          4
e - Mephitic Cloud        Conj/Pois/Air  69%        N/A       1%          3
f - Freezing Cloud        Conj/Ice/Air   35%        6-21      1%          5
g - Arcjolt               Conj/Air       42%        1d52      1%          5

Your spell library contained the following spells:

 Spells                   Type           Power      Damage    Failure   Level
 Stone Arrow              Conj/Erth      70%        3d11      1%          3
 Poisonous Vapours        Pois/Air       100%       N/A       1%          2
 Scorch                   Fire           26%        2d6       1%          2
 Vhi's Electric Charge    Tloc/Air       100%       N/A       1%          3
 Summon Lightning Spire   Summ/Air       68%        N/A       1%          4
 Flame Wave               Conj/Fire      35%        2d10      2%          4
 Frozen Ramparts          Ice            32%        1d5       3%          3
 Beastly Appendage        Tmut           26%        N/A       4%          1
 Irradiate                Conj/Tmut      17%        3d17      5%          5
 Sublimation of Blood     Necr           13%        N/A       7%          2
 Wereblood                Tmut           13%        N/A       7%          2
 Plasma Beam              Fire/Air       34%        2x1d47    8%          6
 Ozocubu's Armour         Ice            16%        N/A       11%         3
 Call Canine Familiar     Summ           13%        N/A       13%         3
 Gell's Gravitas          Tloc           13%        N/A       13%         3
 Portal Projectile        Hex/Tloc       26%        N/A       13%         3
 Spider Form              Tmut/Pois      13%        N/A       13%         3
 Teleport Other           Tloc           13%        N/A       13%         3
 Ice Form                 Ice/Tmut       15%        N/A       36%         4
 Summon Ice Beast         Ice/Summ       15%        N/A       36%         4
 Leda's Liquefaction      Hex/Erth       6%         N/A       41%         4
 Petrify                  Tmut/Erth      13%        N/A       41%         4
 Metabolic Englaciation   Hex/Ice        7%         N/A       73%         5
 Simulacrum               Ice/Necr       7%         N/A       99%         6
 Dispersal                Tloc           6%         N/A       100%        6
 Summon Cactus Giant      Summ           6%         N/A       100%        6


Dungeon Overview and Level Annotations

Branches:
Dungeon (10/15)              Lair (1/5) D:10            Orc (0/2) D:10
 Bailey (visited)
 Temple: D:4-7

Altars:
Ashenzari
Cheibriados
Gozag
Kikubaaqudgha
Makhleb
Nemelex Xobeh
Okawaru
Sif Muna
Vehumet
Xom
Zin
The Shining One

Shops:
D:3 *   D:4 *   D:5 =((

Annotations:
D:7 2 transporters, Think's ghost, novice OpFi


Innate Abilities, Weirdness & Mutations

You have a beak for a mouth.
You have claws for feet.
Your magical nature lets you fly swiftly and evasively.


Message History

You feel very sick.
You hear an angry hiss.
A water moccasin comes into view.
A black mamba comes into view.
The orange demon stings you from afar.
You feel sick.
You feel sick.
You feel sick.
The orange demon no longer looks unusually toxic.
You feel sick.
Casting: Arcjolt (dangerous; 1% risk of failure)
Confirm with . or Enter, or press ? or * to list all spells.
Okay, then.
You feel sick. The orange demon stings you!
You are more poisoned.
The orange demon poisons you! The orange demon closely misses you.
The water moccasin bites you but does no damage.
Unknown command.
Casting: Arcjolt (dangerous; 1% risk of failure)
Confirm with . or Enter, or press ? or * to list all spells.
You feel a surge of power!
Electricity surges outward!
The black mamba is struck by an electric surge!
The black mamba is moderately wounded.
The orange demon is struck by an electric surge!!!
You kill the orange demon!
Vehumet accepts your kill.
Vehumet is now extending the range of your destructive spells.
You feel your power returning.
The water moccasin is struck by an electric surge!
The water moccasin is severely wounded.
You feel very sick.
You hear an angry hiss.
The black mamba bites you!
* * * LOW HITPOINT WARNING * * *
The water moccasin bites you.
* * * LOW HITPOINT WARNING * * *
The black mamba misses you.
Your Spellcasting skill increases to level 11!
It was a potion of attraction.
You feel attractive to monsters.
You die...

...##..###.#... ......
...... ...#. ####..####
#.... ....# ##.##...#.#
#..>. #8.8###......††..
#.... ##..^#.........###
#... #...#####.#..†##
#.8.###S...##.##....##
S.##...#.S@.##..........#
.......)...####........##
....../...#.##.........#
##.......#.#........####
#.....#######......#
...#.8. ##..#### ....+#.
#### #.^. .. #.# ##


You could see a black mamba and a water moccasin.

Vanquished Creatures
  3 death yaks (D:10)
  Amaemon (Lair:1)
  Pikel (D:4)
  An orange demon (Lair:1)
  A gargoyle (D:10)
  An unseen horror (D:10)
  Maggie (D:9)
  Psyche (D:9)
  A rime drake (Lair:1)
  A troll (D:10)
  Prince Ribbit (D:9)
  Sigmund (D:3)
  A shadow (D:9)
  2 wraiths
  13 yaks
  2 steam dragons
  3 vampire mosquitoes (D:6)
  3 water moccasins
  An acid dragon (D:9)
  Duvessa (D:5)
  A sky beast (D:8)
  2 ice beasts (D:8)
  9 orc warriors
  2 centaurs
  A phantom (D:6)
  Blork the orc (D:6)
  2 kobold brigands
  7 bullfrogs
  A scorpion (D:5)
  Dowan (D:5)
  A howler monkey (D:7)
  An electric eel (D:9)
  A lava snake (D:7)
  4 orc priests
  A hound (D:5)
  2 jellies (D:6)
  2 gnoll boudas
  2 sleepcaps
  2 iguanas
  Ijyb (D:3)
  7 orc wizards
  2 hell rats (D:10)
  17 gnolls
  9 adders
  A shadow imp (D:5)
  A white imp (D:7)
  3 ufetubi
  2 dart slugs (D:3)
  24 orcs
  9 ball pythons
  4 endoplasms
  16 goblins
  6 hobgoblins
  5 jackals
  22 kobolds
  5 quokkas
  5 bats
  3 frilled lizards
  7 rats
232 creatures vanquished.

Notes
Turn   | Place    | Note
-------+----------+-------------------------------------------
     0 | D:1      | Dawnplanks the Tengu Air Elementalist began the quest for
                  | the Orb.
     0 | D:1      | Reached XP level 1. HP: 10/10 MP: 4/4
   679 | D:1      | Reached XP level 2. HP: 15/15 MP: 1/6
  1209 | D:2      | Reached XP level 3. HP: 19/19 MP: 3/7
  1367 | D:2      | Noticed a shining eye
  1372 | D:2      | Noticed an eye of devastation
  1376 | D:2      | Found a faded altar of an unknown god.
  1378 | D:2      | Noticed a great orb of eyes
  1385 | D:2      | Noticed a shining eye
  1490 | D:2      | Found a shimmering altar of Xom.
  1562 | D:2      | Reached skill level 5 in Air Magic
  1849 | D:2      | Reached XP level 4. HP: 5/24 MP: 2/8
  1945 | D:2      | Reached skill level 1 in Short Blades
  1945 | D:2      | Gained mutation: Your magical nature lets you fly swiftly
                  | and evasively. [Tengu growth]
  1945 | D:2      | Reached XP level 5. HP: 6/28 MP: 1/10
  2739 | D:3      | Noticed Ijyb
  2754 | D:3      | Killed Ijyb
  2851 | D:3      | Found Yretug's General Store.
  2856 | D:3      | Bought a potion of degeneration for 11 gold pieces
  2856 | D:3      | Bought a scroll of identify for 22 gold pieces
  2917 | D:3      | Found a shimmering blue altar of Sif Muna.
  2923 | D:3      | Reached XP level 6. HP: 31/33 MP: 8/11
  2948 | D:3      | Found an ancient bone altar of Kikubaaqudgha.
  2970 | D:3      | Found a radiant altar of Vehumet.
  2973 | D:3      | Reached skill level 6 in Air Magic
  3019 | D:3      | Became a worshipper of Vehumet
  3044 | D:3      | Noticed Sigmund
  3066 | D:3      | Killed Sigmund
  3067 | D:3      | Reached skill level 1 in Fighting
  3067 | D:3      | Reached XP level 7. HP: 10/38 MP: 5/13
  3783 | D:4      | Found a sparkling altar of Nemelex Xobeh.
  3783 | D:4      | Found a transporter.
  3796 | D:4      | Learned a level 2 spell: Static Discharge
  3800 | D:4      | Learned a level 3 spell: Swiftness
  3805 | D:4      | Learned a level 4 spell: Airstrike
  4092 | D:4      | Found Meikliq's Assorted Antiques.
  4112 | D:4      | Learned a level 3 spell: Mephitic Cloud
  4532 | D:4      | Reached skill level 5 in Conjurations
  4534 | D:4      | Reached * piety under Vehumet
  4534 | D:4      | Offered knowledge of Kiss of Death by Vehumet.
  4797 | D:4      | Noticed Pikel
  4809 | D:4      | Killed Pikel
  4810 | D:4      | Reached skill level 5 in Spellcasting
  4810 | D:4      | Reached skill level 7 in Air Magic
  4810 | D:4      | Reached XP level 8. HP: 15/43 MP: 8/16
  5041 | D:5      | Entered Level 5 of the Dungeon
  5100 | D:5      | Found an iron altar of Okawaru.
  5125 | D:5      | Found Memer's Weapon Emporium.
  5233 | D:5      | Noticed Dowan
  5235 | D:5      | Killed Dowan
  5399 | D:5      | Noticed Duvessa
  5408 | D:5      | Killed Duvessa
  5579 | D:5      | Reached skill level 8 in Air Magic
  5721 | D:5      | Found Onopapit's Antique Weapon Shoppe.
  5742 | D:5      | Found Eresmot's Jewellery Shoppe.
  5897 | D:5      | Found a glowing golden altar of the Shining One.
  6234 | D:5      | Learned a level 5 spell: Freezing Cloud
  6533 | D:6      | Reached skill level 1 in Evocations
  6704 | D:6      | Found an opulent altar of Gozag.
  6781 | D:6      | Found a snail-covered altar of Cheibriados.
  6781 | D:6      | Found a glowing silver altar of Zin.
  6816 | D:6      | Reached XP level 9. HP: 42/47 MP: 11/19
  6820 | D:6      | Reached skill level 9 in Air Magic
  6976 | D:6      | Noticed Blork the orc
  6978 | D:6      | Killed Blork the orc
  7036 | D:6      | You are sucked into a shaft and drop 3 floors!
  7203 | D:7      | Found a flagged portal.
  7213 | Bailey   | Entered a bailey
  7227 | Bailey   | Reached ** piety under Vehumet
  7227 | Bailey   | Offered knowledge of Foxfire by Vehumet.
  7553 | Bailey   | Reached skill level 10 in Air Magic
  8367 | D:7      | Reached skill level 11 in Air Magic
  8367 | D:7      | Reached XP level 10. HP: 52/52 MP: 13/22
  8374 | D:7      | Offered knowledge of Ignite Poison by Vehumet.
  8532 | D:7      | Found a shimmering altar of Xom.
  8748 | D:7      | Noticed Think's ghost (novice OpFi)
  8756 | D:7      | Identified the +3 sling "Zarrin" {flame, rElec Dex+4}
  8756 | D:7      | Identified the amulet of Xom's Wantonness {Reflect Dex+4
                  | SH+5}
  8777 | D:7      | Found a transporter.
  8803 | D:7      | Found a transporter.
  9076 | D:8      | Reached *** piety under Vehumet
  9275 | D:8      | Learned a level 5 spell: Arcjolt
  9634 | D:8      | Reached skill level 12 in Air Magic
 10016 | D:9      | Noticed Psyche
 10019 | D:9      | Killed Psyche
 10121 | D:9      | Found a broken altar of Ashenzari.
 10124 | D:9      | Found a burning altar of Makhleb.
 10536 | D:9      | Noticed Prince Ribbit
 10538 | D:9      | Killed Prince Ribbit
 10625 | D:9      | Reached skill level 13 in Air Magic
 10738 | D:9      | Noticed Maggie
 10744 | D:9      | Killed Maggie
 11182 | D:10     | Entered Level 10 of the Dungeon
 11195 | D:10     | Killed an unseen horror
 11195 | D:10     | Offered knowledge of Stone Arrow by Vehumet.
 11438 | D:10     | Reached XP level 11. HP: 57/57 MP: 17/25
 11648 | D:10     | Found a staircase to the Orcish Mines.
 11845 | D:10     | Noticed a death yak
 11846 | D:10     | Noticed a death yak
 11851 | D:10     | Reached skill level 14 in Air Magic
 11859 | D:10     | Killed a death yak
 11860 | D:10     | Reached skill level 10 in Spellcasting
 11861 | D:10     | Killed a death yak
 11863 | D:10     | Noticed a death yak
 12245 | D:10     | Found a staircase to the Lair.
 12499 | D:10     | Killed a death yak
 12921 | Lair:1   | Entered Level 1 of the Lair of Beasts
 13033 | Lair:1   | Reached skill level 15 in Air Magic
 13234 | Lair:1   | Noticed Amaemon
 13243 | Lair:1   | Killed Amaemon
 13249 | Lair:1   | Reached **** piety under Vehumet
 13249 | Lair:1   | HP: 1/57 [water moccasin (6)]
 13250 | Lair:1   | Succumbed to an orange demon's poison

Illustrated notes

Levels and vault maps discovered:
D:1:      mushboom_english_gardens, layout_basic
D:2:      cheibrodos_pilgrimage, layout_loops_ring, basic_altar,
          hellmonk_ecumenical_altar_watching_god, kennysheep_generic_room_11
D:3:      layout_basic, palyth_temple_overflow_mages, serial_shops,
          nicolae_shop_hallway_stairs, dreamdust_princess_bridge, uniq_sigmund,
          uniq_ijyb
D:4:      layout_basic, grunt_nemelex_the_gamble, serial_shops,
          nicolae_shop_window_shopping, uniq_pikel
D:5:      layout_loops_ring, okawaru_metal_pillars_1_2,
          nicolae_tso_carved_into_rock, serial_shops,
          nicolae_shop_tiny_real_fake_doors, shop, shop, uniq_duvessa
D:6:      layout_loops_corners, gammafunk_temple_overflow_wave,
          mainiacjoe_overflow_paths, minmay_temple_entry_junction,
          nicolae_concentric_dashed_squares_wild, uniq_blork_the_orc
D:7:      layout_basic, mainiacjoe_overflow_small_starburst,
          gammafunk_ghost_gnarly_gnolls, enter_bailey_5, kennysheep_small_spiral
D:8:      layout_basic, kennysheep_generic_room_7
D:9:      layout_basic, nicolae_overflow_squiral, minmay_misc_feat_rugged,
          kennysheep_generic_room_10, uniq_maggie, uniq_psyche,
          uniq_prince_ribbit1
D:10:     layout_layer_cave, dpeg_lair_monsters, orc_0_dummy
Lair:1:   layout_misc_corridors, chequers_serial_rivers_micro_b,
          serial_bayou_shore_b, serial_bayou_shore_b, grunt_megastairs_5,
          uniq_amaemon

Skill      XL: |  1  2  3  4  5  6  7  8  9 10 11 |
---------------+----------------------------------+-----
Air Magic      | 5 6 7 8 11 13 15 | 15.4
Conjurations   | 2 3 4 6 8 |  8.7
Short Blades   | 1 |  1.6
Spellcasting   | 3 5 6 7 9 11 | 11.0
Dodging        | 3 4 |  4.0
Fighting       | 1 2 |  2.2
Evocations     | 1 |  1.1
Stealth        | |  2.0
Ice Magic      | |  0.5

Action                     |  1- 3 |  4- 6 |  7- 9 | 10-12 || total
---------------------------+-------+-------+-------+-------++-------
  Melee: Short sword       |    15 |    26 |    13 |       ||    54
         Unarmed           |     2 |       |       |       ||     2
         Peck              |     2 |     3 |     5 |     1 ||    11
         Kick              |     5 |    11 |    13 |     6 ||    35
         Punch             |       |       |     1 |       ||     1
         Staff             |       |       |    24 |    25 ||    49
         Whip              |       |       |     3 |       ||     3
         Hand axe          |       |       |     6 |       ||     6
   Cast: Shock             |    50 |    50 |   222 |    95 ||   417
         Airstrike         |       |       |    27 |    91 ||   118
         Static Discharge  |       |       |     9 |     1 ||    10
         Freezing Cloud    |       |       |     1 |     7 ||     8
         Arcjolt           |       |       |       |     5 ||     5
  Evoke: Wand              |       |       |     4 |       ||     4
    Use: Scroll            |       |     4 |     6 |     3 ||    13
         Potion            |       |       |     1 |     2 ||     3
   Stab: Sleeping          |     1 |       |       |       ||     1
 Armour: Robe              |     4 |     5 |    10 |    11 ||    30
  Dodge: Dodged            |    10 |    10 |    72 |    35 ||   127

Table legend: (Time is in decaauts)
 A = Elapsed time spent in this place.
 B = Non-inter-level travel time spent in this place.
 C = Inter-level travel time spent in this place.
 D = Time resting spent in this place.
 E = Time spent auto-exploring this place.
 F = Levels seen in this place.
 G = Mean time per level.
                   A        B        C        D        E       F      G
               +--------+--------+--------+--------+--------+-----+--------+
         Total |  12656 |  12100 |    556 |    471 |  10166 |  12 | 1054.7 |
       Dungeon |  11513 |  10957 |    556 |    471 |   9295 |  10 | 1151.3 |
          Lair |    315 |    315 |      0 |      0 |    259 |   1 |  315.0 |
        Bailey |    827 |    827 |      0 |      0 |    611 |   1 |  827.0 |
               +--------+--------+--------+--------+--------+-----+--------+

Top non-repeatable levels by time:
    D:10: 1392 daAuts
     D:9: 1384 daAuts
     D:4: 1274 daAuts
     D:3: 1270 daAuts
     D:5: 1219 daAuts
     D:2: 1214 daAuts
     D:8: 1130 daAuts
     D:1: 1093 daAuts
     D:7: 866 daAuts
  Bailey: 827 daAuts
     D:6: 666 daAuts
  Lair:1: 315 daAuts
